 Dungeon Crawl Stone Soup version 0.31-b1-18-g61460d1e46 (webtiles) character file.

Game seed: 7729104494807990933

186 Aldia the Caller (level 5, 24/24 HPs)
             Began as a Felid Summoner on Jan 17, 2024.
             Quit the game on level 3 of the Dungeon.
             The game lasted 00:07:59 (3128 turns).

Aldia the Caller (Felid Summoner)                   Turns: 3128, Time: 00:07:59

Health: 24/24      AC:  1    Str:  4    XL:     5   Next: 38%
Magic:  11/11      EV: 18    Int: 21    God:
Gold:   58         SH:  0    Dex: 22    Spells: 1/11 levels left
                                        Lives:  0   Deaths: 2

rFire   . . .        (weapon unavailable)
rCold   . . .        (shield unavailable)
rNeg    . . .        (body armour unavailable)
rPois   .            (helmet unavailable)
rElec   .            (cloak unavailable)
rCorr   .            (gloves unavailable)
SInv    +            (boots unavailable)
Will    +....        (no amulet)
Stlth   +++          e - ring of willpower
HPRegen 0.24/turn    j - +6 ring of dexterity
MPRegen 0.12/turn

%: no passive effects
@: no status effects
A: very small, claws 1, fangs 3, see invisible, shaggy fur 1, stealthy paws, no
weapons or thrown items, no armour, multi-lived
a: no special abilities


You were on level 3 of the Dungeon.
You visited 1 branch of the dungeon, and saw 3 of its levels.

You collected 58 gold pieces.

Inventory:

Jewellery
 b - a ring of fire
 e - a ring of willpower (left paw)
 j - a +6 ring of dexterity (right paw)
Wands
 i - a wand of charming (14)
Scrolls
 c - a scroll of vulnerability {unknown}
 d - 4 scrolls of identify
 g - a scroll of noise
 h - a scroll of fog {unknown}
Potions
 a - a potion of magic
 f - a potion of curing


   Skills:
 + Level 0.0 Fighting
 - Level 2.6 Dodging
 - Level 2.6 Stealth
 + Level 3.9 Spellcasting
 + Level 5.5 Summonings
 + Level 0.0 Fire Magic
 + Level 0.1 Evocations


You had one spell level left.
You knew the following spells:

 Your Spells              Type           Power      Damage    Failure   Level
a - Summon Small Mammal   Summ           100%       N/A       1%          1
b - Call Imp              Summ           54%        N/A       1%          2
c - Call Canine Familiar  Summ           27%        N/A       3%          3
d - Summon Blazeheart Go  Fire/Summ      15%        N/A       36%         4

Your spell library contained the following spells:

 Spells                   Type           Power      Damage    Failure   Level
 Apportation              Tloc           8%         N/A       12%         1
 Slow                     Hex            16%        N/A       12%         1
 Jinxbite                 Hex            8%         N/A       19%         2
 Inner Flame              Hex/Fire       4%         N/A       34%         3
 Confusing Touch          Hex            4%         N/A       36%         3
 Sigil of Binding         Hex            4%         N/A       36%         3
 Vampiric Draining        Necr           4%         2d6       36%         3
 Summon Lightning Spire   Summ/Air       15%        N/A       36%         4
 Alistair's Intoxication  Alch           2%         N/A       98%         5
 Irradiate                Conj/Alch      2%         3d12      98%         5
 Ignition                 Fire           2%         3d3       100%        8


Dungeon Overview and Level Annotations

Branches:
Dungeon (3/15)

Altars:

Annotations:
D:3 Grinder


Innate Abilities, Weirdness & Mutations

You have sharp claws.
You have razor-sharp teeth.
You have supernaturally acute eyesight. (SInv)
You are covered in fur. (AC +1)
Your paws help you pounce on unaware monsters.
You are incapable of wielding weapons or throwing items.
You cannot wear armour.
You gain extra lives every three experience levels.


Message History

The orc priest mumbles some strange prayers to Beogh against you.
Beogh smites you!
Ouch! That really hurt!
* * * LOW HITPOINT WARNING * * *
Unknown command.
You scratch the orc priest.
The orc priest is almost dead.
The adder bites you.
* * * LOW HITPOINT WARNING * * *
The orc priest miscasts a cantrip.
The adder misses you.
Grinder says, "Tell me all your secrets, or I'll kill you."
Grinder blinks!
You closely miss the orc priest. Your bite misses the orc priest.
The orc priest is almost dead.
The adder completely misses you.
The orc priest casts a cantrip, but nothing happens.
Unknown command.
Casting: Summon Small Mammal (safe; 1% risk of failure)
Confirm with . or Enter, or press ? or * to list all spells.
Your canine familiar is too injured to answer your call.
Casting: Call Canine Familiar (quite dangerous; 3% risk of failure)
Confirm with . or Enter, or press ? or * to list all spells.
A tiny devil pulls itself out of the air.
The adder barely misses you. The orc priest barely misses you.
Unknown command.
You scratch the orc priest but do no damage.
You claw the orc priest, but do no damage.
The orc priest is almost dead.
The adder barely misses you.
The orc priest hits you with a +0 dagger.
You die...
The adder barely misses you.
Your cerulean imp hits Grinder but does no damage.
Grinder gestures at you. Pain shoots through your body!
You rejoin the land of the living...
Unknown command.
Unknown command.
Are you sure you want to abandon this character and quit the game? (Confirm with "yes".)

.# #..# #......######.# .#
###########..###.....<.....#.#
.###........##...........#.##.#.#
.#..........###.##.......#..#.#.#
##.#........# #.##.......####.#.#
#.#.#.....## #.##.......#....#.#
#h#.#.....####'##.......#.####..
#.#.#...................#.# ###
#.#.#......[...@........#.#
#g#.####.........####.#.#.# #.#.#
#.........# #.#.#.# #.#.#
#.........# #.#.#.#
#.#.####.........# #.#.#.#
#.#.##......###### #.#.#.######
#.#.##....#.# #.#.#......#
#.#.##....#.# #.#.######.#
#.#.####'##.# #.#.######.#


There were no monsters in sight!

Vanquished Creatures
  A dart slug (D:2)
  An orc (D:3)
  4 bats
  An endoplasm (D:2)
  4 giant cockroaches
  3 goblins
  2 hobgoblins
  3 jackals (D:2)
  2 kobolds
  3 quokkas
  6 ball pythons
  2 frilled lizards
  3 rats (D:3)
35 creatures vanquished.

Vanquished Creatures (collateral kills)
  Terence (D:3)
  Ijyb (D:3)
  5 gnolls
  An adder (D:2)
  A ribbon worm (D:3)
  2 orcs
  5 goblins
  3 hobgoblins
  2 jackals (D:2)
  A ball python (D:2)
  A bat (D:2)
  A frilled lizard (D:1)
  3 kobolds
  4 rats
31 creatures vanquished.

Vanquished Creatures (others)
  An orc (D:3)
1 creature vanquished.

Grand Total: 67 creatures vanquished

Notes
Turn   | Place    | Note
-------+----------+-------------------------------------------
     0 | D:1      | Aldia the Felid Summoner began the quest for the Orb.
     0 | D:1      | Reached XP level 1. HP: 9/9 MP: 4/4
   313 | D:1      | Reached XP level 2. HP: 13/13 MP: 0/6
   316 | D:1      | Learned a level 2 spell: Call Imp
   805 | D:1      | Reached XP level 3. HP: 16/16 MP: 8/8
   809 | D:1      | Learned a level 3 spell: Call Canine Familiar
  1757 | D:2      | Reached XP level 4. HP: 7/21 MP: 9/9
  1757 | D:2      | Gained a life (2 lives remaining)
  2207 | D:3      | Noticed Ijyb
  2260 | D:3      | Killed Ijyb
  2261 | D:3      | Reached skill level 5 in Summonings
  2421 | D:3      | Noticed Terence
  2430 | D:3      | Killed Terence
  2766 | D:3      | Reached XP level 5. HP: 24/24 MP: 2/11
  2785 | D:3      | Learned a level 4 spell: Summon Blazeheart Golem
  2921 | D:3      | Noticed Grinder
  3101 | D:3      | Killed from afar by an orc priest
  3101 | D:3      | Lost a life (1 life remaining)
  3123 | D:3      | HP: 1/24 [orc priest/divine providence (12)]
  3127 | D:3      | Slain by an orc priest
  3127 | D:3      | Lost a life (0 lives remaining)
  3128 | D:3      | Quit the game

Illustrated notes

Levels and vault maps discovered:
D:1:      lemuel_arrival_muddy, layout_basic
D:2:      minmay_skewed_foursquare, layout_basic, nicolae_the_louvre
D:3:      layout_basic, uniq_grinder, uniq_ijyb, uniq_terence

Skill      XL: |  1  2  3  4 |
---------------+-------------+-----
Spellcasting   | 3 |  3.9
Summonings     | 5 |  5.5
Dodging        | |  2.6
Stealth        | |  2.6
Evocations     | |  0.1

Action                     |  1- 3 |  4- 6 || total
---------------------------+-------+-------++-------
  Melee: Unarmed           |    91 |    52 ||   143
         Bite              |    10 |     5 ||    15
         Punch             |       |     1 ||     1
   Cast: Summon Small Mamm |    29 |    10 ||    39
         Call Imp          |     8 |     6 ||    14
         Call Canine Famil |     3 |     8 ||    11
  Evoke: Wand              |       |     2 ||     2
    Use: Scroll            |       |     2 ||     2
   Stab: Sleeping          |     5 |     2 ||     7
         Distracted        |       |     1 ||     1
 Armour: Skin              |    33 |    18 ||    51
  Dodge: Dodged            |    86 |    52 ||   138
